 Dungeon Crawl Stone Soup version 0.29.1-1-gd02db6906a (webtiles) character file.

Game seed: 13244633628711839943

145 GeoRichter the Stinger (level 5, 0/35 HPs)
             Began as a Demonspawn Venom Mage on Oct 17, 2022.
             Slain by a ball python (2 damage)
             ... on level 4 of the Dungeon.
             The game lasted 00:07:26 (3744 turns).

GeoRichter the Stinger (Demonspawn Venom Mage)      Turns: 3744, Time: 00:07:26

Health: 0/35       AC:  2    Str:  8    XL:     5   Next: 6%
Magic:  4/8        EV: 12    Int: 19    God:
Gold:   100        SH:  0    Dex: 13    Spells: 2/8 levels left

rFire   . . .      SeeInvis .   f - +0 rapier
rCold   . . .      Faith    .   (no shield)
rNeg    . . .      Spirit   .   a - +0 robe
rPois   .          Reflect  .   (no helmet)
rElec   .          Harm     .   (no cloak)
rCorr   .          Rampage  .   (no gloves)
Will    .....                   (no boots)
Stlth   ++........              (no amulet)
HPRegen 0.11/turn               (no ring)
MPRegen 0.22/turn               (no ring)

@: no status effects
A: claws 1, ignite blood 1, magic regeneration
a: no special abilities


You were on level 4 of the Dungeon.
You visited 1 branch of the dungeon, and saw 4 of its levels.

You collected 100 gold pieces.

Inventory:

Hand Weapons
 f - a +0 rapier (weapon)
   (You found it on level 1 of the Dungeon)
 o - a +1 war axe of freezing
   (You found it on level 3 of the Dungeon)
Armour
 a - a +0 robe (worn)
Scrolls
 e - 3 scrolls of identify {unknown}
 g - 4 scrolls of magic mapping {unknown}
 h - a scroll of vulnerability {unknown}
 i - a scroll of teleportation {unknown}
 j - a scroll of enchant armour {unknown}
 p - a scroll of silence {unknown}
Potions
 b - 3 potions of magic
 c - a potion of curing {@q1}
 d - a potion of brilliance {unknown}
 k - a potion of might {unknown}
 l - a potion of degeneration {unknown}
 m - 2 potions of haste {unknown}
 n - a potion of berserk rage {unknown}


   Skills:
 - Level 1.7 Dodging
 - Level 1.7 Stealth
 - Level 2.2 Spellcasting
 - Level 0.8 Transmutations
 * Level 2.5 Air Magic
 * Level 4.7 Poison Magic


You had 2 spell levels left.
You knew the following spells:

 Your Spells              Type           Power      Damage    Failure   Level
a - Sting                 Tmut/Pois      48%        1d5       5%          1
b - Poisonous Vapours     Pois/Air       30%        N/A       5%          2
c - Mephitic Cloud        Conj/Pois/Air  11%        N/A       19%         3

Your spell library contained the following spells:

 Spells                   Type           Power      Damage    Failure   Level
 Summon Small Mammal      Summ           8%         N/A       17%         1
 Olgreb's Toxic Radiance  Pois           20%        N/A       24%         4
 Call Canine Familiar     Summ           2%         N/A       45%         3
 Dazzling Flash           Conj/Hex       4%         N/A       45%         3
 Summon Guardian Golem    Hex/Summ       2%         N/A       45%         3
 Silence                  Hex/Air        3%         N/A       95%         5
 Agony                    Necr           2%         N/A       99%         5


Dungeon Overview and Level Annotations

Branches:
Dungeon (4/15) Zot: 20237
 Temple: D:4-7

Altars:

Annotations:
D:2 1 runed translucent door, Crazy Yiuf, Sigmund


Innate Abilities, Weirdness & Mutations

You have sharp fingernails.
Your demonic aura sometimes causes spilled blood to erupt in flames.
You regenerate magic rapidly.


Message History

You kill the adder!
The wight is engulfed in blazing flames.
The wight misses you.
Your Air Magic skill increases to level 2!
There is a stone staircase leading up, spattered with blood here.
It was a potion of curing.
You feel better.
The wight is engulfed in blazing flames.
You destroy the wight!
Your life force feels restored.
You have reached level 5!
Your demonic ancestry asserts itself...
Your magic begins to regenerate rapidly.
The orc attacks as you move away! The orc hits you with a +0 hand axe.
* * * LOW HITPOINT WARNING * * *
A wight comes into view.
It is wielding a +0 battleaxe and wearing a +1 robe of willpower.
Unknown command.
You see here a lumpy yellow potion.
You feel better. The orc hits you but does no damage.
Aim: an orc, wielding a +0 hand axe and wearing a +0 leather armour Poisonous vapours surround the orc!
The orc is poisoned.
The orc hits you with a +0 hand axe.
* * * LOW HITPOINT WARNING * * *
Aim: an orc, wielding a +0 hand axe and wearing a +0 leather armour (moderately wounded, poisoned) Poisonous vapours surround the orc!
The orc looks even sicker.
The orc hits you with a +0 hand axe.
* * * LOW HITPOINT WARNING * * *
The orc wizard casts a spell at you. The puff of flame hits you.
* * * LOW HITPOINT WARNING * * *
You are too injured to fight recklessly!
Aim: an orc, wielding a +0 hand axe and wearing a +0 leather armour (heavily wounded, very poisoned, 71% to hit)
The sting misses the orc.
The orc shouts!
The orc barely misses you.
Aim: an orc, wielding a +0 hand axe and wearing a +0 leather armour (heavily wounded, very poisoned, 71% to hit)
The sting hits the orc.
The orc looks even sicker.
You kill the orc!
Things that are here:
a +0 hand axe; a +0 leather armour An orc comes into view.
It is wielding a +0 club.
There is a stone staircase leading up here.
The ball python barely misses you. The ball python grabs you.
You stop ascending the stairs.
The ball python constricts you.
* * * LOW HITPOINT WARNING * * *
The ball python's grasp on you weakens, but your attempt to escape fails.
The ball python bites you.
* * * LOW HITPOINT WARNING * * *
The ball python constricts you.
You escape the ball python's grasp.
The ball python bites you.
You die...

...............##
................
#........#....#..
#..............
#...........# ... ..
............####..##.
..!.....o#))<#..~.~$.
.......So#!#.o~......
.......@.#...o.~.~~~~
.##.###..####...♣~.~~
## # ##.# ≈§§.~.~†♣~.
#.. .≈~o.♣ ♣<.. ....
~~♣~~.~..~. ##...
#.#~~..♣.≈. ...#
~≈~..~.~~. ##.# ≈.♣~.
~~#. . ##.####.


You could see an orc wizard, an orc and a ball python.

Vanquished Creatures
  A wight (D:4)
  4 adders
  A worm (D:2)
  A dart slug (D:3)
  An orc (D:4)
  6 ball pythons
  2 endoplasms
  3 goblins (D:1)
  6 hobgoblins
  6 jackals
  11 kobolds
  3 bats (D:2)
  2 frilled lizards
  6 rats
53 creatures vanquished.

Notes
Turn   | Place    | Note
-------+----------+-------------------------------------------
     0 | D:1      | GeoRichter the Demonspawn Venom Mage began the quest for
                  | the Orb.
     0 | D:1      | Reached XP level 1. HP: 13/13 MP: 3/3
   333 | D:1      | Gained mutation: Your demonic aura sometimes causes spilled
                  | blood to erupt in flames. [demonic ancestry]
   333 | D:1      | Reached XP level 2. HP: 13/19 MP: 1/5
   669 | D:1      | Learned a level 2 spell: Poisonous Vapours
  1313 | D:1      | Found a faded altar of an unknown god.
  1498 | D:2      | Reached XP level 3. HP: 12/24 MP: 6/6
  1670 | D:2      | Found a runed translucent door.
  1671 | D:2      | Noticed Crazy Yiuf
  1739 | D:2      | Noticed Sigmund
  1773 | D:2      | Reached skill level 1 in Air Magic
  2290 | D:2      | Reached skill level 4 in Poison Magic
  2610 | D:2      | Learned a level 3 spell: Mephitic Cloud
  3080 | D:3      | Gained mutation: You have sharp fingernails. [demonic
                  | ancestry]
  3080 | D:3      | Reached XP level 4. HP: 26/30 MP: 4/7
  3729 | D:4      | Gained mutation: You regenerate magic rapidly. [demonic
                  | ancestry]
  3729 | D:4      | Reached XP level 5. HP: 10/35 MP: 8/8
  3744 | D:4      | Slain by a ball python

Illustrated notes

Levels and vault maps discovered:
D:1:      lightli_arrival_boilingwater, layout_loops_cross,
          chequers_ecumenical_altar_simple_redux, chequers_serial_rivers_room_a,
          nicolae_eternal_life
D:2:      layout_basic, uniq_crazy_yiuf_cottage, uniq_sigmund
D:3:      layout_rooms
D:4:      layout_rooms, minmay_temple_entry_statues_fountains,
          chequers_serial_rivers_marsh, hangedman_decor_opposing

Skill      XL: |  1  2  3  4 |
---------------+-------------+-----
Air Magic      | 1 2 |  2.5
Poison Magic   | 4 |  4.7
Dodging        | |  1.7
Stealth        | |  1.7
Spellcasting   | |  2.2
Transmutations | |  0.8

Action                   |  1- 3 |  4- 6 || total
-------------------------+-------+-------++-------
Melee: Short sword       |    12 |       ||    12
       Rapier            |    55 |    14 ||    69
 Cast: Sting             |    32 |     2 ||    34
       Poisonous Vapours |    12 |    11 ||    23
  Use: Potion            |       |     2 ||     2
 Stab: Sleeping          |     3 |       ||     3
       Distracted        |     1 |       ||     1
Armor: Robe              |    18 |     4 ||    22
Dodge: Dodged            |    55 |     9 ||    64
